 Dungeon Crawl Stone Soup version 0.30-a0-757-ga6a79fd877 (webtiles) character file.

Game seed: 16775437710777994311

14888 Darius099 the Severer (level 11, -7/97 HPs)
             Began as a Minotaur Fighter on Feb 10, 2023.
             Was a Priest of Okawaru.
             Constricted to death by Jorgrun (9 damage)
             ... while petrified by a basilisk
             ... on level 12 of the Dungeon.
             The game lasted 00:53:30 (8938 turns).

Darius099 the Severer (Minotaur Fighter)            Turns: 8938, Time: 00:53:30

Health: -7/97      AC: 21    Str: 32    XL:     11   Next: 94%
Magic:  13/13      EV: -1    Int:  5    God:    Okawaru [***...]
Gold:   755        SH:  0    Dex:  9    Spells: 10/10 levels left

rFire   . . .      SeeInvis .    O - +2 war axe (heavy)
rCold   . . .      Faith    .    c - +0 buckler
rNeg    + + +      Spirit   .    Q - +0 plate armour
rPois   ∞          Reflect  .    K - +1 hat
rElec   .          Harm     .    F - +2 cloak
rCorr   .          Rampage  .    f - +0 pair of gloves
Will    .....                    M - +0 pair of boots Stlth
                                 e - amulet of regeneration
HPRegen 1.16/turn                H - ring of poison resistance
MPRegen 0.13/turn                y - +6 ring of strength

@: petrified, grasped by roots, hasted and slowed, constricted, studying Axes
A: horns 2, retaliatory headbutt
a: Renounce Religion, Heroism


You were on level 12 of the Dungeon.
You worshipped Okawaru.
Okawaru was most pleased with you.
You visited 2 branches of the dungeon, and saw 13 of its levels.
You also visited: Sewer.

You collected 755 gold pieces.

Inventory:

Hand Weapons
 O - a +2 heavy war axe (weapon)
Missiles
 r - 86 stones (quivered)
 P - 6 boomerangs
Armour
 c - a +0 buckler (worn)
 f - a +0 pair of gloves (worn)
 F - a +2 cloak (worn)
 K - a +1 hat (worn)
 M - a +0 pair of boots (worn)
 Q - a +0 plate armour (worn)
Jewellery
 e - an amulet of regeneration (around neck)
 g - a ring of protection from fire
 y - a +6 ring of strength (right hand)
 H - a ring of poison resistance (left hand)
 R - a ring of flight
 S - an amulet of reflection
 U - an amulet of faith
Wands
 p - a wand of roots (14)
 A - a wand of polymorph (16)
 C - a wand of flame (31)
 J - a wand of charming (9)
 N - a wand of acid (15)
Scrolls
 b - a scroll of vulnerability
 d - 2 scrolls of identify
 h - 4 scrolls of teleportation
 j - a scroll of fog
 k - a scroll of noise
 l - a scroll of immolation {unknown}
 n - 2 scrolls of blinking
 u - a scroll of torment {unknown}
 v - a scroll of amnesia {unknown}
 w - a scroll of fear {unknown}
 E - a scroll of acquirement
 G - a scroll of enchant armour {unknown}
 I - a scroll of poison
 L - a scroll of magic mapping
 T - a scroll of enchant weapon
Potions
 a - a potion of berserk rage {unknown}
 i - 2 potions of curing
 m - a potion of lignification {unknown}
 o - 3 potions of brilliance
 q - 3 potions of magic
 s - 2 potions of ambrosia
 t - 2 potions of haste
 z - a potion of attraction
 B - a potion of flight
 D - a potion of experience


   Skills:
 + Level 9.2 Fighting
 - Level 16.0 Axes
 - Level 5.0 Throwing
 + Level 9.2 Armour
 + Level 9.2 Shields
 - Level 5.0 Invocations


You had 10 spell levels left.
You didn't know any spells.
Your spell library contained the following spells:

 Spells                   Type           Power      Damage    Failure   Level
 Freeze                   Ice            0%         1d3       99%         1
 Blink                    Tloc           0%         N/A       100%        2
 Lesser Beckoning         Tloc           0%         N/A       100%        2
 Momentum Strike          Conj/Tloc      0%         3d8       100%        2
 Scorch                   Fire           0%         2d5       100%        2
 Sublimation of Blood     Necr           0%         N/A       100%        2
 Wereblood                Tmut           0%         N/A       100%        2
 Frozen Ramparts          Ice            0%         1d1       100%        3
 Hailstorm                Conj/Ice       0%         3d3       100%        3
 Ignite Poison            Fire/Tmut/Pois 0%         N/A       100%        3
 Flame Wave               Conj/Fire      0%         2d4       100%        4
 Sticky Flame             Conj/Fire      0%         2d3       100%        4
 Ignition                 Fire           0%         3d3       100%        8
 Summon Small Mammal      Summ           Unusable   N/A       N/A         1
 Call Canine Familiar     Summ           Unusable   N/A       N/A         3
 Summon Guardian Golem    Hex/Summ       Unusable   N/A       N/A         3
 Summon Cactus Giant      Summ           Unusable   N/A       N/A         6
 Summon Hydra             Summ           Unusable   N/A       N/A         7

Dungeon Overview and Level Annotations

Branches:
Dungeon (12/15)            Temple (1/1) D:6            Lair (0/5) D:10
    Orc (0/2) D:9           Sewer (visited)

Altars:
Ashenzari
Cheibriados
Dithmenos
Elyvilon
Fedhas
Gozag
Hepliaklqana
Kikubaaqudgha
Makhleb
Nemelex Xobeh
Okawaru
Qazlal
Ru
Sif Muna
Trog
Uskayaw
Vehumet
Wu Jian
Xom
Yredelemnul
Zin
The Shining One

Shops:
D:8 ?   D:11 ?

Annotations:
D:12 Jorgrun


Innate Abilities, Weirdness & Mutations

You have a pair of horns on your head.
You reflexively headbutt those who attack you in melee.


Message History

The basilisk gazes at you. You resist with some effort.
Your limbs are stiffening.
You barely miss Jorgrun. Your headbutt misses Jorgrun.
Jorgrun is lightly wounded.
You slash the basilisk!
Jorgrun hits you with a +0 heavy quarterstaff!
The grasping roots constrict you! The basilisk bites you.
You have turned to stone.
The basilisk bites you but does no damage.
The orc priest hits you but does no damage.
Jorgrun hits you with a +0 heavy quarterstaff!
* * * LOW HITPOINT WARNING * * *
The grasping roots constrict you.
* * * LOW HITPOINT WARNING * * *
The orc priest casts a cantrip, but nothing happens.
The basilisk gazes at you. You resist with some effort.
Jorgrun hits you with a +0 heavy quarterstaff!
* * * LOW HITPOINT WARNING * * *
The grasping roots constrict you.
* * * LOW HITPOINT WARNING * * *
The orc priest hits you but does no damage.
The basilisk bites you!
* * * LOW HITPOINT WARNING * * *
The orc priest hits you but does no damage.
The basilisk bites you but does no damage.
Jorgrun hits you with a +0 heavy quarterstaff!!
* * * LOW HITPOINT WARNING * * *
The grasping roots constrict you.
* * * LOW HITPOINT WARNING * * *
The orc priest completely misses you. The basilisk gazes at you.
Jorgrun casts a spell at you.
You struggle to resist.
The grasping roots constrict you.
* * * LOW HITPOINT WARNING * * *
The orc priest hits you but does no damage.
The basilisk gazes at you.
Jorgrun hits you with a +0 heavy quarterstaff!!
* * * LOW HITPOINT WARNING * * *
The grasping roots constrict you!!
You die...

.# #..# .#..
#... ## #..#
##.#...# ..#
#.#>)..# #..
#og### ...
#@# #.. #.
#l# #.. #.
#.# #.# #
##.# #.# #
#..## #.# #
#...####.# .#
#.
###...##.##.#
#.
###.##....#
#. #.@...###
#


You could see Jorgrun, a basilisk and an orc priest.

Vanquished Creatures
  Gastronok (D:8)
  Kirke (D:12)
  Nessos (D:12)
  3 two-headed ogres
  2 cyclopes
  A gargoyle (D:12)
  A komodo dragon (D:10)
  Psyche (D:8)
  A kobold demonologist (D:10)
  An unseen horror (D:10)
  A meliai (shapeshifter) (D:8)
  A troll (D:11)
  Grinder (D:5)
  Sigmund (D:3)
  3 wraiths
  A vampire (D:11)
  12 yaks
  3 hogs (D:12)
  An acid dragon (D:11)
  Pargi (Sewer)
  2 water moccasins
  Duvessa (D:5)
  3 sky beasts
  4 ice beasts
  4 orc warriors
  A black bear (D:5)
  A centaur (D:10)
  2 bullfrogs (D:7)
  2 necrophages
  A gnoll sergeant (D:12)
  A scorpion (D:5)
  5 wights (D:5)
  Dowan (D:5)
  15 killer bees
  6 howler monkeys
  9 crimson imps (D:7)
  3 hounds
  4 jellies
  15 orc priests
  Natasha (thrice) (D:3)
  2 iguanas
  7 orc wizards
  7 gnolls
  15 adders
  2 shadow imps
  4 white imps
  An ufetubus (D:6)
  2 worms
  2 dart slugs
  30 orcs
  11 ball pythons
  8 bats
  10 endoplasms
  4 giant cockroaches
  7 hobgoblins
  4 quokkas
  5 frilled lizards
  14 goblins
  8 kobolds
  8 rats
272 creatures vanquished.

Vanquished Creatures (others)
  An orc wizard (D:4)
1 creature vanquished.

Grand Total: 273 creatures vanquished

Notes
Turn   | Place    | Note
-------+----------+-------------------------------------------
     0 | D:1      | Darius099 the Minotaur Fighter began the quest for the Orb.
     0 | D:1      | Reached XP level 1. HP: 19/19 MP: 0/0
   112 | D:1      | Reached XP level 2. HP: 27/27 MP: 1/1
   408 | D:1      | Reached skill level 3 in Axes
   500 | D:1      | Reached XP level 3. HP: 33/33 MP: 2/2
   982 | D:2      | Reached XP level 4. HP: 40/40 MP: 3/3
  1105 | D:2      | Found a snail-covered altar of Cheibriados.
  1693 | D:3      | Noticed Natasha
  1699 | D:3      | HP: 2/41 [constriction (4)]
  1702 | D:3      | Killed Natasha
  1791 | D:3      | Noticed Natasha
  1795 | D:3      | Killed Natasha
  1796 | D:3      | Reached XP level 5. HP: 47/47 MP: 4/4
  1800 | D:3      | Found a burning altar of Makhleb.
  1835 | D:3      | Noticed Sigmund
  1840 | D:3      | Noticed Natasha
  1841 | D:3      | Killed Sigmund
  1842 | D:3      | Reached skill level 5 in Fighting
  1842 | D:3      | Reached skill level 4 in Axes
  1842 | D:3      | Reached skill level 5 in Armour
  1842 | D:3      | Reached skill level 5 in Shields
  1842 | D:3      | Reached XP level 6. HP: 56/56 MP: 5/5
  1849 | D:3      | Killed Natasha
  2153 | D:4      | Reached skill level 5 in Axes
  2292 | D:4      | Found a glowing golden altar of the Shining One.
  2540 | D:4      | Reached skill level 6 in Axes
  2540 | D:4      | Reached XP level 7. HP: 47/58 MP: 6/6
  3014 | D:5      | Entered Level 5 of the Dungeon
  3028 | D:5      | Reached skill level 7 in Axes
  3039 | D:5      | Reached skill level 8 in Axes
  3052 | D:5      | Noticed Duvessa
  3053 | D:5      | Noticed Dowan
  3075 | D:5      | Killed Duvessa
  3078 | D:5      | Killed Dowan
  3079 | D:5      | Reached skill level 9 in Axes
  3079 | D:5      | Reached XP level 8. HP: 68/68 MP: 7/7
  3285 | D:5      | Noticed Grinder
  3299 | D:5      | Killed Grinder
  3300 | D:5      | Reached skill level 10 in Axes
  3330 | D:5      | Found a glowing drain.
  3367 | Sewer    | Entered a sewer
  3391 | Sewer    | Noticed Pargi
  3403 | Sewer    | Killed Pargi
  3521 | D:5      | Reached skill level 11 in Axes
  3781 | D:6      | Reached skill level 12 in Axes
  4010 | D:6      | Found a staircase to the Ecumenical Temple.
  4016 | Temple   | Entered the Ecumenical Temple
  4433 | D:6      | Reached XP level 9. HP: 70/73 MP: 8/8
  4695 | D:7      | Reached skill level 13 in Axes
  4823 | D:7      | Reached skill level 14 in Axes
  5186 | D:8      | Noticed a two-headed ogre
  5186 | D:8      | Found a sacrificial altar of Ru.
  5199 | D:8      | Killed a two-headed ogre
  5200 | D:8      | Reached skill level 15 in Axes
  5221 | D:8      | Noticed Psyche
  5583 | D:8      | Found a shimmering blue altar of Sif Muna.
  5597 | D:8      | Reached XP level 10. HP: 81/81 MP: 9/9
  5603 | D:8      | Noticed Gastronok
  5661 | D:8      | Killed Gastronok
  5662 | D:8      | Reached skill level 16 in Axes
  5662 | D:8      | Reached skill level 1 in Throwing
  5662 | D:8      | Reached skill level 1 in Invocations
  5988 | D:8      | Found Neechequ's Magic Scroll Shop.
  6067 | D:8      | Killed Psyche
  6384 | D:8      | Identified 2 scrolls of acquirement
  6384 | D:8      | Acquired a manual of Axes
  6927 | D:9      | Found a staircase to the Orcish Mines.
  6976 | D:9      | Noticed a two-headed ogre
  6984 | D:9      | Killed a two-headed ogre
  7039 | D:9      | Reached XP level 11. HP: 89/92 MP: 12/12
  7261 | D:10     | Entered Level 10 of the Dungeon
  7367 | D:10     | Found a broken altar of Ashenzari.
  7367 | D:10     | Found a snail-covered altar of Cheibriados.
  7367 | D:10     | Found a radiant altar of Vehumet.
  7374 | D:10     | Found a bloodstained altar of Trog.
  7381 | D:10     | Found a shadowy altar of Dithmenos.
  7385 | D:10     | Found a blossoming altar of Fedhas.
  7386 | D:10     | Found an iron altar of Okawaru.
  7394 | D:10     | Became a worshipper of Warmaster Okawaru
  7446 | D:10     | Found a staircase to the Lair.
  7752 | D:11     | Found Dajiym Qizao's Magic Scroll Emporium.
  7909 | D:11     | Reached * piety under Okawaru
  7930 | D:11     | Noticed a two-headed ogre
  7944 | D:11     | Killed a two-headed ogre
  8698 | D:12     | Reached skill level 5 in Throwing
  8698 | D:12     | Reached skill level 5 in Invocations
  8710 | D:12     | Reached ** piety under Okawaru
  8734 | D:12     | Noticed Nessos
  8734 | D:12     | Noticed a purple ugly thing
  8756 | D:12     | Killed Nessos
  8836 | D:12     | Noticed Kirke
  8910 | D:12     | Killed Kirke
  8910 | D:12     | Reached *** piety under Okawaru
  8914 | D:12     | Noticed Jorgrun
  8938 | D:12     | HP: 2/97 [Jorgrun/+0 heavy quarterstaff (10)]
  8938 | D:12     | Constricted to death by Jorgrun

Illustrated notes

Levels and vault maps discovered:
D:1:      dpeg_arrival_rooms_a, layout_loops_ring, minmay_ruptured
D:2:      layout_basic, basic_altar, minmay_liquid_box
D:3:      layout_rooms, mainiacjoe_overflow_surrounded_room, uniq_natasha,
          uniq_sigmund
D:4:      layout_loops_ring, mainiacjoe_overflow_alcove_2, moated_statue,
          minmay_snake_closets
D:5:      layout_gridville, gup_sewer_entry_glass, uniq_grinder, uniq_duvessa
D:6:      layout_rooms, minmay_temple_entry_proselytizer,
          minmay_strange_pillars, grunt_decor_junction
D:7:      layout_basic, minmay_nine_imps
D:8:      layout_layer_cave, mainiacjoe_overflow_catwalk,
          mainiacjoe_overflow_paths, serial_shops, shop, glass_columns_a,
          uniq_gastronok, uniq_psyche
D:9:      layout_basic, david_orc_3, roderic_roman_lattice,
          david_defended_altar_orc
D:10:     layout_cross, nicolae_overflow_hallway_of_the_gods,
          lightli_corner_chamber
D:11:     layout_loops_cross, serial_shops, nicolae_shop_behind_doors
D:12:     layout_rooms, minmay_misc_feat_alley, uniq_nessos, uniq_jorgrun,
          uniq_kirke
Temple:   bh_familiar_temple

Skill      XL: |  1  2  3  4  5  6  7  8  9 10 11 |
---------------+----------------------------------+-----
Shields        | 4 5 7 9 |  9.2
Fighting       | 4 5 7 9 |  9.2
Armour         | 4 5 7 9 |  9.2
Axes           | 3 4 6 9 12 15 16 | 16.0
Throwing       | 3 5 |  5.0
Invocations    | 3 5 |  5.0

Action                     |  1- 3 |  4- 6 |  7- 9 | 10-12 || total
---------------------------+-------+-------+-------+-------++-------
  Melee: War axe           |    82 |   120 |   270 |   238 ||   710
         Headbutt          |     7 |    24 |    38 |    43 ||   112
  Throw: Stone             |       |       |     2 |       ||     2
 Invoke: Heroism           |       |       |       |     1 ||     1
    Use: Potion            |       |     1 |       |     4 ||     5
         Scroll            |       |       |       |    17 ||    17
 Armour: Scale mail        |    32 |    52 |       |       ||    84
         Chain mail        |       |    11 |   111 |    49 ||   171
         Skin              |       |       |    18 |       ||    18
         Plate armour      |       |       |       |   118 ||   118
  Dodge: Dodged            |    24 |    55 |    81 |    65 ||   225
  Block: Buckler           |    20 |    20 |    41 |    52 ||   133

Table legend: (Time is in decaauts)
 A = Elapsed time spent in this place.
 B = Non-inter-level travel time spent in this place.
 C = Inter-level travel time spent in this place.
 D = Time resting spent in this place.
 E = Time spent auto-exploring this place.
 F = Levels seen in this place.
 G = Mean time per level.
                   A        B        C        D        E       F      G
               +--------+--------+--------+--------+--------+-----+--------+
         Total |   9038 |   8855 |    183 |    728 |   3674 |  14 |  645.6 |
       Dungeon |   8759 |   8576 |    183 |    728 |   3490 |  12 |  729.9 |
        Temple |    197 |    197 |      0 |      0 |    169 |   1 |  197.0 |
         Sewer |     81 |     81 |      0 |      0 |     15 |   1 |   81.0 |
               +--------+--------+--------+--------+--------+-----+--------+

Top non-repeatable levels by time:
     D:8: 1116 daAuts
     D:4: 1024 daAuts
    D:11: 960 daAuts
     D:2: 878 daAuts
     D:7: 827 daAuts
     D:9: 820 daAuts
     D:1: 722 daAuts
     D:5: 603 daAuts
     D:6: 582 daAuts
     D:3: 486 daAuts
    D:10: 478 daAuts
    D:12: 258 daAuts
  Temple: 197 daAuts
   Sewer: 81 daAuts
